 Dungeon Sprint DCSS version 0.23-a0-143-g1adec7b (webtiles) character file.

700 Fang the Fighter (level 7, -3/79 HPs)
             Began as a Gargoyle Berserker on Sept 5, 2018.
             Was a High Priest of Trog.
             Slain by a polar bear (13 damage)
             ... in the Dungeon (Sprint VII: "The Pits").
             The game lasted 00:02:00 (865 turns).

Fang the Fighter (Gargoyle Berserker)                Turns: 865, Time: 00:02:01

Health: -3/79      AC:  7    Str: 27    XL:     7   Next: 65%
Magic:  7/7        EV: 14    Int:  8    God:    Trog [*****.]
Gold:   0          SH:  0    Dex:  9    Spells: 6/6 levels left

rFire    . . .     SeeInvis .   j - +2 hand axe
rCold    . . .     Gourm    .   (no shield)
rNeg     + . .     Faith    .   b - +0 animal skin
rPois    ∞         Spirit   .   (no helmet)
rElec    +         Reflect  .   (no cloak)
rCorr    .         Harm     .   (no gloves)
MR       .....     NoTele   +   (no boots)
Stlth    ..........             (no amulet)
HPRegen  0.23/turn              (no ring)
MPRegen  0.10/turn              (no ring)

@: berserking, very quick
A: negative energy resistance 1, electricity resistance, unbreathing,
petrification resistance, rot immunity, AC +4
a: Berserk, Trog's Hand, Brothers in Arms, Renounce Religion


You were in the Dungeon.
You worshipped Trog.
Trog was extremely pleased with you.
You were not hungry.

You visited 1 branch

Inventory:

Hand Weapons
 j - a +2 hand axe (weapon)
 m - a +0 hand axe of chopping
Armour
 b - a +0 animal skin (worn)
Wands
 n - a wand of digging (3)
Scrolls
 i - a scroll of blinking
 k - 3 scrolls of remove curse
 l - a scroll of summoning
Potions
 a - 2 potions of invisibility
 d - 6 potions of curing
 e - 6 potions of heal wounds
 f - a potion of haste
 g - 4 potions of magic
 h - 3 potions of berserk rage
Comestibles
 c - 8 rations


   Skills:
 + Level 10.8 Fighting
 + Level 10.0 Axes
 + Level 5.5 Armour
 + Level 5.7 Dodging


You had 6 spell levels left.
You didn't know any spells.
Your spell library was empty.

Dungeon Overview and Level Annotations

Branches:
Dungeon (1/1)

Altars:
Cheibriados
Dithmenos
Elyvilon
Fedhas
Gozag
Hepliaklqana
Makhleb
Nemelex Xobeh
Okawaru
Qazlal
Ru
Sif Muna
Trog
Vehumet
Wu Jian
Xom
Yredelemnul
Zin
The Shining One
Beogh
Jiyva
Lugonu


Innate Abilities, Weirdness & Mutations

You are resistant to torment.
Your stone body is resilient. (AC +4)
You are immune to poison.
You resist negative energy. (rN+)
You are resistant to electric shocks. (rElec)
You can survive without breathing.
You are immune to petrification.
You are immune to rotting.


Message History

Unknown command.
You are too injured to fight recklessly!
Unknown command.
You slash the ice beast!
The ice beast is heavily wounded.
You slash the polar bear! You hit the ice devil but do no damage.
Unknown command.
You slash the ice beast!
You kill the ice beast!
Trog accepts your kill.
Your Axes skill increases to level 10!
You slash the ice devil! You slash the polar bear! The ice devil misses you.
The polar bear bites you but does no damage.
The polar bear completely misses you. The polar bear barely misses you.
The ice devil closely misses you.
Unknown command.
You closely miss the polar bear.
The polar bear is heavily wounded.
You hit the ice devil. The polar bear bites you!
You die...

#.#.....#'###...<...#
#.#........##.......#
#)#........##.......#
#(###########.......#
#.......#..##########
#..#)#..#)######
#.##.##.#†#....#
#.......#'#4...#
#.##.##.#)'@...+
#..#.#..#'#h...#
#.......'.#....#
################


You could see a polar bear and an ice devil.

Vanquished Creatures
  A red devil (D)
  A porcupine (D)
  A black bear (D)
  An ice beast (D)
  A wolf (D)
  A scorpion (D)
  A crimson imp (D)
  Terence (D)
  A river rat (D)
  An ufetubus (D)
  A worm (D)
  A leopard gecko (D)
  2 giant cockroaches (D)
  2 goblins (D)
  A hobgoblin (D)
  5 kobolds (D)
22 creatures vanquished.

Notes
Turn   | Place    | Note
-------+----------+-------------------------------------------
     0 | D        | Fang the Gargoyle Berserker began the quest for the Orb.
     0 | D        | Reached XP level 1. HP: 14/14 MP: 1/1
    18 | D        | Found a bloodstained altar of Trog.
    18 | D        | Found a deep blue altar of Sif Muna.
    18 | D        | Found a viscous altar of Jiyva.
    18 | D        | Found a hazy altar of Hepliaklqana.
    18 | D        | Found an opulent altar of Gozag.
    19 | D        | Found a glowing golden altar of the Shining One.
    19 | D        | Found a glowing silver altar of Zin.
    19 | D        | Found a basalt altar of Yredelemnul.
    19 | D        | Found a shimmering altar of Xom.
    19 | D        | Found an ornate altar of the Wu Jian Council.
    19 | D        | Found a sacrificial altar of Ru.
    19 | D        | Found a stormy altar of Qazlal.
    19 | D        | Found an iron altar of Okawaru.
    19 | D        | Found a sparkling altar of Nemelex Xobeh.
    19 | D        | Found a burning altar of Makhleb.
    19 | D        | Found a blossoming altar of Fedhas.
    19 | D        | Found a white marble altar of Elyvilon.
    19 | D        | Found a shadowy altar of Dithmenos.
    19 | D        | Found a snail-covered altar of Cheibriados.
    21 | D        | Found a radiant altar of Vehumet.
    21 | D        | Found a corrupted altar of Lugonu.
    21 | D        | Found a roughly hewn altar of Beogh.
    69 | D        | Reached ** piety under Trog
    80 | D        | Noticed a black bear
    87 | D        | Reached XP level 2. HP: 20/20 MP: 2/2
    89 | D        | Reached *** piety under Trog
    91 | D        | Killed a black bear
    91 | D        | Reached skill level 5 in Axes
    91 | D        | Reached XP level 3. HP: 21/28 MP: 3/3
    91 | D        | Reached XP level 4. HP: 24/32 MP: 4/4
   303 | D        | Noticed a porcupine
   314 | D        | Killed a porcupine
   314 | D        | Reached XP level 5. HP: 26/39 MP: 5/5
   316 | D        | Reached **** piety under Trog
   368 | D        | Reached ***** piety under Trog
   368 | D        | Reached XP level 6. HP: 23/45 MP: 6/6
   711 | D        | Noticed a red devil
   722 | D        | Killed a red devil
   722 | D        | Reached skill level 10 in Fighting
   722 | D        | Reached skill level 5 in Armour
   722 | D        | Reached skill level 5 in Dodging
   722 | D        | Reached XP level 7. HP: 52/52 MP: 7/7
   779 | D        | Noticed Terence
   794 | D        | Killed Terence
   857 | D        | Noticed an ice devil
   857 | D        | Noticed a polar bear
   863 | D        | Reached skill level 10 in Axes
   865 | D        | Slain by a polar bear

Vault maps used:
D:        pitsprint

Skill      XL: |  1  2  3  4  5  6  7 |
---------------+----------------------+-----
Axes           | 3 5 7 9 10 | 10.0
Fighting       | 4 6 8 10 | 10.8
Dodging        | 3 4 5 |  5.7
Armour         | 3 4 5 |  5.5

Action                   |  1- 3 |  4- 6 |  7- 9 || total
-------------------------+-------+-------+-------++-------
Melee: Hand axe          |    14 |    41 |    16 ||    71
Invok: Berserk           |     1 |     3 |     2 ||     6
 Stab: Sleeping          |     1 |       |       ||     1
  Eat: Chunk             |       |     2 |     1 ||     3
       Ration            |       |       |     1 ||     1
Armor: Animal skin       |     4 |     4 |     9 ||    17
Dodge: Dodged            |    10 |    27 |     9 ||    46

Table legend:
 A = Non-vault XP
 B = Vault XP
 C = Vault XP percentage of total XP
 D = Non-vault monster count
 E = Vault monster count
 F = Vault count percentage of total count
                 A         B        C        D         E       F
            +---------+---------+-------+---------+---------+-------
      Total |       0 |    1000 | 100.0 |       0 |      22 | 100.0
            +---------+---------+-------+---------+---------+-------
          D |       0 |    1000 | 100.0 |       0 |      22 | 100.0
            +---------+---------+-------+---------+---------+-------
